 Dungeon Crawl Stone Soup version 0.27-a0-1525-g1038ab4fd7 (webtiles) character file.

Game seed: 15544870385801944325

77882 Wyvernaa the Imperceptible (level 16, 0/96 HPs)
             Began as a Kobold Delver on July 10, 2021.
             Was a High Priest of Dithmenos.
             Slain by a sun demon (28 damage)
             ... summoned by an obsidian statue
             ... in an ice cave on July 11, 2021.
             The game lasted 01:56:01 (30821 turns).

Wyvernaa the Imperceptible (Kobold Delver)         Turns: 30821, Time: 01:56:02

Health: 0/96       AC: 13    Str: 10    XL:     16   Next: 6%
Magic:  28/28      EV: 19    Int: 13    God:    Dithmenos [*****.]
Gold:   1639       SH:  5    Dex: 21    Spells: 25/31 levels left

rFire    x . .     SeeInvis .   t - +8 whip "Snakebite" {curare, rPois}
rCold    + + +     Faith    .   (shield restricted)
rNeg     + . .     Spirit   .   S - +3 ring mail {rC+}
rPois    +         Reflect  +   i - +1 helmet
rElec    .         Harm     .   (no cloak)
rCorr    .         Rampage  .   a - +0 pair of gloves
Will     +....                  O - +0 pair of boots Stlth ****++++++
                                f - amulet of reflection
HPRegen  0.26/turn              Q - ring of Gemirist {Ice rN+}
MPRegen  0.21/turn              z - ring of protection from cold

@: mesmerised, wreathed by umbra
A: small, no large weapons, nightstalker 3
a: Renounce Religion, Shadow Step, Shadow Form


You were in an ice cave.
You worshipped Dithmenos.
Dithmenos was extremely pleased with you.
You visited 3 branches of the dungeon, and saw 22 of its levels.
You also visited: Ice Cave.

You collected 1717 gold pieces.
You spent 78 gold pieces at shops.

Inventory:

Hand Weapons
 c - a +2 short sword of speed
 m - a +1 short sword of freezing
 t - the +8 whip "Snakebite" (weapon) {curare, rPois}
   (You found it on level 5 of the Dungeon)

   It poisons the flesh of those it strikes.
   rPois:     It protects you from poison.
 y - a +1 dagger of holy wrath
 N - a +2 short sword of draining
Missiles
 s - 4 throwing nets (quivered)
 D - a curare-tipped dart
 M - 6 atropa-tipped darts
Armour
 a - a +0 pair of gloves (worn)
 i - a +1 helmet (worn)
 x - +0 acid dragon scales
 F - a +3 troll leather armour
 O - a +0 pair of boots (worn)
 S - a +3 ring mail of cold resistance (worn)
Jewellery
 b - a +4 ring of protection
 f - an amulet of reflection (around neck)
 n - a +4 ring of protection
 v - a ring of positive energy
 z - a ring of protection from cold (right hand)
 E - a ring of protection from fire
 I - the amulet "Ixinefo" {Faith Harm rC- rCorr Slay+6}
   (You found it on level 11 of the Dungeon)

   [amulet of faith]

   It allows you to gain divine favour quickly.
   Slay:      It affects your accuracy & damage with ranged weapons and melee
   (+6).
   rC:        It makes you vulnerable to cold.
   rCorr:     It protects you from acid and corrosion.
   Harm:      It increases damage dealt and taken.
 P - a +6 ring of dexterity
 Q - the ring of Gemirist (left hand) {Ice rN+}
   (You took it off an orc wizard on level 12 of the Dungeon)

   [ring of ice]

   It enhances your ice magic.
   rF:        It makes you vulnerable to fire.
   rC:        It protects you from cold.
   rN:        It protects you from negative energy.
Wands
 g - a wand of digging (4)
 l - a wand of paralysis (8)
 q - a wand of flame (74)
 A - a wand of acid (7)
Scrolls
 d - 2 scrolls of amnesia
 u - a scroll of silence
 C - 3 scrolls of fog
 H - 5 scrolls of identify
 L - 2 scrolls of fear
 R - a scroll of blinking
Potions
 h - 4 potions of haste
 j - 6 potions of mutation
 k - 6 potions of curing
 o - 4 potions of flight
 p - 2 potions of resistance
 w - a potion of invisibility
 B - 7 potions of lignification
 G - 4 potions of brilliance
 K - 4 potions of might
 T - a potion of attraction


   Skills:
 + Level 9.3 Fighting
 - Level 11.8(12.3) Short Blades
 - Level 3.5(6.1) Long Blades
 - Level 4.9 Maces & Flails
 - Level 3.9 Armour
 + Level 10.0 Dodging
 * Level 21.5 Stealth
 - Level 2.9 Shields
 * Level 8.2 Spellcasting
 * Level 7.6 Hexes
 * Level 8.8 Invocations
 * Level 3.4 Evocations


You had 25 spell levels left.
You knew the following spells:

 Your Spells              Type           Power      Damage    Failure   Level
a - Tukima's Dance        Hex            25%        N/A       4%          3
b - Dazzling Flash        Conj/Hex       30%        N/A       21%         3

Your spell library contained the following spells:

 Spells                   Type           Power      Damage    Failure   Level
 Corona                   Hex            27%        N/A       1%          1
 Animate Skeleton         Necr           10%        N/A       32%         1
 Apportation              Tloc           10%        N/A       32%         1
 Beastly Appendage        Tmut           10%        N/A       32%         1
 Magic Dart               Conj           20%        1d4       32%         1
 Pain                     Necr           20%        1d5       32%         1
 Sting                    Tmut/Pois      20%        1d4       32%         1
 Summon Small Mammal      Summ           20%        N/A       32%         1
 Call Imp                 Summ           5%         N/A       45%         2
 Poisonous Vapours        Pois/Air       10%        N/A       45%         2
 Wereblood                Tmut           5%         N/A       45%         2
 Ignite Poison            Fire/Tmut/Pois 5%         N/A       69%         3
 Mephitic Cloud           Conj/Pois/Air  5%         N/A       69%         3
 Spider Form              Tmut/Pois      2%         N/A       69%         3
 Vampiric Draining        Necr           2%         2d6       69%         3
 Silence                  Hex/Air        7%         N/A       88%         5
 Yara's Violent Unravell  Hex/Tmut       7%         3d5       88%         5
 Animate Armour           Summ/Erth      10%        N/A       97%         4
 Iskenderun's Mystic Bla  Conj/Tloc      5%         2d3       97%         4
 Olgreb's Toxic Radiance  Pois           5%         N/A       97%         4
 Passage of Golubria      Tloc           N/A        N/A       97%         4
 Agony                    Necr           5%         N/A       100%        5
 Blade Hands              Tmut           2%         N/A       100%        5
 Bolt of Magma            Conj/Fire/Erth 2%         4d4       100%        5
 Excruciating Wounds      Necr           2%         N/A       100%        5
 Fireball                 Conj/Fire      2%         3d4       100%        5
 Freezing Cloud           Conj/Ice/Air   3%         6-21      100%        5
 Iskenderun's Battlesphe  Conj           5%         2d6       100%        5
 Conjure Ball Lightning   Conj/Air       2%         3x3d6     100%        6
 Iron Shot                Conj/Erth      2%         9d2       100%        6
 Starburst                Conj/Fire      2%         8x6d3     100%        6
 Orb of Destruction       Conj           2%         9d1       100%        7
 Lehudib's Crystal Spear  Conj/Erth      2%         10d2      100%        8


Dungeon Overview and Level Annotations

Branches:
Dungeon (15/15)            Temple (1/1) D:6            Lair (6/6) D:11
  Swamp (0/4) Lair:2        Snake (0/4) Lair:2        Slime (0/5) Lair:5
    Orc (0/2) D:12         Depths (0/5) D:15          IceCv (1/1)
 Vaults: D:13-14

Altars:
Ashenzari
Cheibriados
Dithmenos
Elyvilon
Fedhas
Gozag
Hepliaklqana
Kikubaaqudgha
Makhleb
Nemelex Xobeh
Okawaru
Qazlal
Ru
Sif Muna
Trog
Uskayaw
Vehumet
Wu Jian
Xom
Yredelemnul
Zin
The Shining One
Jiyva

Shops:
D:8 ?   D:9 :(

Portals:
Trove: D:15 (give 11 potions of heal wounds)

Annotations:
D:4 Sigmund
D:5 1 runed translucent door, Crazy Yiuf
D:10 quinnr's ghost, journeyman TeAE IceCv exclusion: 2 obsidian statues


Innate Abilities, Weirdness & Mutations

You are small and have problems with some larger weapons.
You are completely attuned to the shadows.


Message History

The obsidian statue's eyes glow briefly.
You hit the obsidian statue.
The obsidian statue is moderately damaged.
The ynoxinul completely misses you.
The obsidian statue's eyes glow briefly.
Unknown command.
You hit the obsidian statue.
The obsidian statue is moderately damaged.
The iron imp lashes its tail.
You block the iron imp's attack. The ynoxinul barely misses you.
You block the sun demon's attack.
Your ring mail prevents you from hitting the obsidian statue.
The obsidian statue is moderately damaged.
The ynoxinul barely misses you. The sun demon hits you!!
You are engulfed in flames!!
The fire burns you terribly! The iron imp misses you.
Unknown command.
You cannot move away from the obsidian statue!
Okay, then.
You feel better. The sun demon barely misses you.
The ynoxinul completely misses you.
You hit the obsidian statue but do no damage.
The obsidian statue is moderately damaged.
The ice devil completely misses you. You block the iron imp's attack.
The sun demon misses you.
The obsidian statue's eyes glow briefly.
The ynoxinul gestures.
Unknown command.
You hit the obsidian statue.
The obsidian statue is moderately damaged.
The ice devil misses you. The sun demon hits you.
You are engulfed in flames!!
The fire burns you terribly!
The crimson imp blinks!
The iron imp barely misses you.
Unknown command.
You feel much better. The ynoxinul closely misses you.
The white imp gestures at you. The puff of frost hits you. You resist.
The sun demon hits you!!
* * * LOW HITPOINT WARNING * * *
You are engulfed in flames!!
The fire burns you terribly!
You die...

# ##.........# ###
n#.........8 #### '.#
W#.........## ##..##
########..........######....##
.....#..............##.......#
.....+.....⌠.............∩∩..#
.....#.........5.5...........#
########.......535##..##....##
'°# ).#......55@###.####..##
###. ⌠n#.......348##.# #### #
.. ###........5###.# #.#
#........5####.# +.#
###.....#####.## ### ##.####
##.## ##.#####.## ##.....##
#######


You could see an obsidian statue (mesmerising), a sun demon (summoned), an ice
devil (summoned), a ynoxinul (summoned), 2 iron imps, a crimson imp (summoned,
expiring), a white imp (summoned, expiring) and 4 ufetubi.

Vanquished Creatures
  Kirke (Lair:5)
  An azure jelly (D:15)
  Harold (Lair:2)
  3 boulder beetles
  10 hydras
  3 caustic shrike simulacra (IceCv)
  4 two-headed ogres
  5 death yaks (Lair:5)
  A tengu warrior (D:14)
  A death knight (D:13)
  A flayed ghost (D:12)
  A wizard (D:14)
  A deep elf zephyrmancer (D:12)
  A wolf spider (D:15)
  A deep elf pyromancer (D:14)
  An orc knight (D:13)
  2 manticores
  A cyclops (D:15)
  9 ugly things
  A moth of wrath (Lair:4)
  2 black mambas (Lair:3)
  5 elephants (Lair:3)
  A guardian serpent (Lair:2)
  2 centaur zombies
  A gargoyle (D:12)
  A kobold demonologist (D:9)
  7 rime drakes
  14 cane toads
  2 unseen horrors
  Maggie (D:8)
  5 freezing wraiths
  4 golden dragon simulacra (IceCv)
  9 komodo dragons
  A yaktaur (D:12)
  An entropy weaver simulacrum (IceCv)
  An anaconda simulacrum (IceCv)
  A demonic crawler (Lair:4)
  2 tengu conjurers
  2 hornets (Lair:6)
  7 trolls
  5 polar bears
  23 blink frogs
  9 slime creatures
  3 dream sheep (Lair:6)
  A centaur simulacrum (D:12)
  11 spriggans (Lair:6)
  3 shadows
  2 spriggan simulacra (IceCv)
  5 wraiths
  A dire elephant simulacrum (IceCv)
  48 yaks
  5 wyverns
  3 basilisks
  A yak (shapeshifter) (D:14)
  A hog (Lair:5)
  8 vampire mosquitoes
  3 wargs
  2 swamp worms (Lair:5)
  An acid dragon (D:11)
  7 water moccasins
  2 hydra simulacra (IceCv)
  2 sky beasts
  2 necrophages
  10 orc warriors
  7 black bears
  3 ettin simulacra (IceCv)
  33 wolves
  3 ice beasts
  5 boggarts (Lair:6)
  2 ogres
  2 centaurs
  4 kobold brigands
  14 bullfrogs
  2 scorpions
  2 water moccasin skeletons (D:5)
  3 killer bees (D:7)
  19 wights
  3 electric eels
  3 howler monkeys
  A bullfrog zombie (D:6)
  3 jellies
  3 hounds
  A gnoll shaman (D:8)
  10 orc priests
  Ijyb (D:4)
  Terence (D:2)
  An iguana (D:6)
  8 orc wizards
  7 hell rats
  Robin (D:2)
  A howler monkey zombie (D:9)
  9 adders
  11 gnolls
  A white imp (D:7)
  An ufetubus (D:4)
  An adder zombie (D:5)
  An adder skeleton (D:5)
  2 worms (D:5)
  A dart slug (D:4)
  39 orcs
  5 ball pythons
  4 bats
  8 endoplasms
  2 giant cockroaches (D:2)
  16 goblins
  8 hobgoblins
  4 jackals (D:4)
  3 quokkas
  2 frilled lizards
  19 kobolds
  4 rats
560 creatures vanquished.

Vanquished Creatures (others)
  3 humans (Lair:5)
  A centaur (D:7)
  A bullfrog (D:7)
  A hell rat (Lair:2)
  2 orcs (D:7)
  58 fungi
  71 plants
137 creatures vanquished.

Grand Total: 697 creatures vanquished

Notes
Turn   | Place    | Note
-------+----------+-------------------------------------------
     0 | D:5      | Wyvernaa the Kobold Delver began the quest for the Orb.
     0 | D:5      | Reached XP level 1. HP: 14/14 MP: 1/1
    19 | D:4      | Noticed Ijyb
    27 | D:4      | Noticed a scorpion
    30 | D:4      | Killed a scorpion
    31 | D:4      | Reached skill level 8 in Stealth
    31 | D:4      | Reached XP level 2. HP: 20/20 MP: 2/2
    31 | D:4      | Reached XP level 3. HP: 24/24 MP: 3/3
    31 | D:4      | Reached XP level 4. HP: 29/29 MP: 4/4
    34 | D:4      | Noticed a black bear
    87 | D:4      | Reached XP level 5. HP: 33/33 MP: 5/5
   109 | D:4      | Noticed an ogre
   277 | D:5      | Reached skill level 9 in Stealth
   889 | D:2      | Noticed Robin
   938 | D:2      | Reached XP level 6. HP: 35/38 MP: 6/6
   963 | D:2      | Killed Robin
  1169 | D:1      | Found a faded altar of an unknown god.
  1758 | D:1      | Noticed a ghoul
  1760 | D:1      | Noticed a gargoyle
  1762 | D:1      | Noticed a naga
  1762 | D:1      | Noticed a merfolk
  1764 | D:1      | Noticed a tengu
  1764 | D:1      | Noticed a vampire
  1766 | D:1      | Noticed a human
  1766 | D:1      | Noticed a formicid
  1768 | D:1      | Noticed a draconian
  1770 | D:1      | Noticed a troll
  1772 | D:1      | Noticed a demonspawn
  1774 | D:1      | Noticed a minotaur
  1774 | D:1      | Noticed a demigod
  1776 | D:1      | Noticed a vine stalker
  1776 | D:1      | Noticed an elf
  1778 | D:1      | Noticed a spriggan
  1778 | D:1      | Noticed a djinni
  1780 | D:1      | Noticed a palentonga
  1780 | D:1      | Noticed a dwarf
  1782 | D:1      | Noticed an octopode
  1782 | D:1      | Noticed an ogre
  2207 | D:2      | Noticed Terence
  2211 | D:2      | Killed Terence
  2805 | D:3      | Found a bloodstained altar of Trog.
  2815 | D:3      | Found an opulent altar of Gozag.
  2816 | D:3      | Found a stormy altar of Qazlal.
  2838 | D:3      | Found a sparkling altar of Nemelex Xobeh.
  3724 | D:3      | Reached skill level 10 in Stealth
  3926 | D:4      | Killed Ijyb
  4034 | D:4      | Reached XP level 7. HP: 38/41 MP: 7/7
  4105 | D:4      | Reached skill level 1 in Armour
  4131 | D:4      | Reached skill level 5 in Short Blades
  4627 | D:4      | Noticed Sigmund
  5132 | D:5      | Reached skill level 11 in Stealth
  5132 | D:5      | Reached XP level 8. HP: 38/48 MP: 8/8
  6324 | D:5      | Found a runed translucent door.
  6325 | D:5      | Found the +8 whip "Snakebite" {curare, rPois}
  6327 | D:5      | Noticed Crazy Yiuf
  6514 | D:6      | Found a radiant altar of Vehumet.
  6569 | D:6      | Found a staircase to the Ecumenical Temple.
  6574 | Temple   | Entered the Ecumenical Temple
  6801 | Temple   | Became a worshipper of Dithmenos the Shadowed
  6973 | D:6      | Reached skill level 1 in Maces & Flails
  7403 | D:6      | Found the +11 plutonium sword {Contam Stlth-}
  7440 | D:6      | Reached XP level 9. HP: 41/50 MP: 9/9
  7817 | D:6      | Reached skill level 12 in Stealth
  7838 | D:6      | Reached skill level 1 in Shields
  9144 | D:7      | Reached skill level 5 in Fighting
  9187 | D:7      | Reached * piety under Dithmenos
  9469 | D:7      | Reached XP level 10. HP: 36/59 MP: 10/10
 10149 | D:8      | Reached skill level 13 in Stealth
 10282 | D:8      | Noticed a two-headed ogre
 10286 | D:8      | Killed a two-headed ogre
 10287 | D:8      | Reached skill level 14 in Stealth
 10287 | D:8      | Reached skill level 1 in Invocations
 10287 | D:8      | Reached skill level 1 in Evocations
 10834 | D:8      | Found Qicvail's Magic Scroll Boutique.
 11216 | D:8      | Noticed Maggie
 11220 | D:8      | Killed Maggie
 11358 | D:9      | Found Enurocaj's Weapon Shop.
 11520 | D:9      | Noticed a two-headed ogre
 11523 | D:9      | Killed a two-headed ogre
 11525 | D:9      | Found a hide-covered altar of Uskayaw.
 11588 | D:8      | Bought a scroll of teleportation for 36 gold pieces
 11588 | D:8      | Bought a scroll of magic mapping for 42 gold pieces
 11764 | D:9      | Found Sonneyfioj's Book Shop.
 11812 | D:9      | Noticed a kobold demonologist
 11816 | D:9      | Reached skill level 15 in Stealth
 11817 | D:9      | Killed a kobold demonologist
 11818 | D:9      | Reached XP level 11. HP: 64/64 MP: 12/12
 11872 | D:9      | Reached ** piety under Dithmenos
 12480 | D:10     | Entered Level 10 of the Dungeon
 12482 | D:10     | Reached skill level 10 in Short Blades
 13166 | D:10     | Reached skill level 1 in Hexes
 13200 | D:10     | Noticed a two-headed ogre
 13439 | D:11     | Noticed a boulder beetle
 13448 | D:11     | Killed a boulder beetle
 13449 | D:11     | Reached skill level 16 in Stealth
 13449 | D:11     | Reached skill level 1 in Spellcasting
 13716 | D:11     | Noticed a four-headed hydra
 13720 | D:11     | Killed a four-headed hydra
 14201 | D:11     | Noticed a five-headed hydra
 14205 | D:11     | Killed a five-headed hydra
 14265 | D:11     | You fall into a shaft and drop 3 floors!
 14297 | D:13     | Noticed an orc knight
 14430 | D:11     | Found a large runed translucent door.
 14430 | D:11     | Found a large runed translucent door.
 14593 | D:11     | Found a staircase to the Lair.
 14720 | D:11     | Reached XP level 12. HP: 57/69 MP: 15/15
 14860 | D:11     | Reached skill level 5 in Dodging
 14950 | D:11     | Noticed quinnr's ghost (journeyman TeAE)
 15070 | D:11     | Identified the amulet "Ixinefo" {Faith Harm rC- rCorr
                  | Slay+6}
 15502 | D:12     | Found a staircase to the Orcish Mines.
 15504 | D:12     | Noticed a boulder beetle
 15834 | D:12     | Noticed a two-headed ogre
 15959 | Lair:1   | Entered Level 1 of the Lair of Beasts
 15987 | Lair:1   | Noticed a four-headed hydra
 16232 | Lair:1   | Reached skill level 17 in Stealth
 16308 | Lair:1   | Reached *** piety under Dithmenos
 16554 | Lair:1   | Noticed an eight-headed hydra
 17453 | Lair:2   | Reached skill level 5 in Invocations
 17454 | Lair:2   | Found a staircase to the Swamp.
 17752 | Lair:2   | Reached skill level 1 in Long Blades
 17999 | Lair:2   | Reached XP level 13. HP: 43/75 MP: 20/20
 18066 | Lair:2   | Noticed Harold
 18114 | Lair:2   | Found a staircase to the Snake Pit.
 18290 | Lair:3   | Reached skill level 5 in Spellcasting
 18364 | Lair:3   | Noticed a four-headed hydra
 18368 | Lair:3   | Killed a four-headed hydra
 18368 | Lair:3   | Reached **** piety under Dithmenos
 18836 | Lair:3   | Reached skill level 18 in Stealth
 20097 | Lair:4   | Identified the +1 chain mail "Sonlu" {*Slow Dex+2 Stlth+}
 20193 | Lair:4   | Reached skill level 5 in Hexes
 20485 | Lair:4   | Learned a level 3 spell: Tukima's Dance
 20489 | Lair:4   | Learned a level 3 spell: Dazzling Flash
 20566 | Lair:4   | Noticed a six-headed hydra
 20570 | Lair:4   | Killed a six-headed hydra
 21554 | Lair:5   | Found a viscous altar of Jiyva.
 21555 | Lair:5   | Found a staircase to the Slime Pits.
 21676 | Lair:5   | Reached XP level 14. HP: 82/82 MP: 23/23
 22469 | Lair:5   | Reached ***** piety under Dithmenos
 22630 | Lair:5   | Noticed Kirke
 22632 | Lair:5   | Killed Kirke
 22942 | Lair:5   | Reached skill level 19 in Stealth
 23547 | Lair:6   | Entered Level 6 of the Lair of Beasts
 24194 | Lair:6   | Identified the +1 morningstar of Tosatin {drain, *Noise
                  | Dex+7}
 24841 | Lair:6   | Reached XP level 15. HP: 73/84 MP: 25/25
 25016 | Lair:6   | Reached skill level 20 in Stealth
 25571 | Lair:2   | Paralysed by Harold for 6 turns
 25578 | Lair:2   | Killed Harold
 26654 | D:12     | Identified the ring of Gemirist {Ice rN+}
 28499 | D:14     | Found a radiant altar of Vehumet.
 28664 | D:15     | Entered Level 15 of the Dungeon
 28678 | D:15     | Reached skill level 21 in Stealth
 28688 | D:15     | Found a portal to a secret trove of treasure.
 28850 | D:15     | Noticed an azure jelly
 28851 | D:15     | Found a frozen archway.
 28856 | D:15     | Killed an azure jelly
 28860 | IceCv    | Entered an ice cave
 29928 | IceCv    | Reached skill level 10 in Dodging
 30296 | IceCv    | Reached XP level 16. HP: 96/96 MP: 28/28
 30632 | IceCv    | Noticed an Ice Fiend
 30821 | IceCv    | Slain by a sun demon

Illustrated notes

Levels and vault maps discovered:
D:1:      kb_arrival_jail, layout_basic, ebering_ecumenical_altar_rust,
          minmay_misc_feat_iff, minmay_misc_feat_x, minmay_misc_feat_plants,
          hex_medium
D:2:      layout_loops_ring, uniq_robin, uniq_terence
D:3:      layout_loops_ring, nicolae_overflow_quartered_altars,
          kennysheep_generic_room_6
D:4:      layout_rooms, kennysheep_generic_room_12, uniq_sigmund, uniq_ijyb
D:5:      layout_loops_cross, serial_aquarium, aquarium_bridge_straight
          [aquarium_subvault_bridge, aquarium_subvault_window,
          aquarium_subvault_bridge, aquarium_subvault_wall], aquarium_window_1,
          aquarium_window_1, aquarium_view_2a, aquarium_view_2b,
          aquarium_pool_2, uniq_pikel, uniq_crazy_yiuf_cottage
D:6:      layout_gridville, mainiacjoe_overflow_cross_hatched,
          minmay_temple_entry_butterflies
D:7:      layout_layer_cave, minmay_door_square, lemuel_flamethrower_2
D:8:      layout_cave_pods, serial_shops, nicolae_take_the_stairs, uniq_maggie
D:9:      layout_small_grid, marbit_many_paths, serial_shops,
          nicolae_shop_waterfront, nicolae_stop_n_shop_1
D:10:     layout_cross
D:11:     layout_long_grid, grunt_lair_entry_orc_guard_hut,
          ebering_ghost_disaster_area, minmay_orc_keep
D:12:     kennysheep_green_arena, layout_irregular_city, david_orc_3
D:13:     layout_cave_pools
D:14:     layout_cave_pools, erik_vaults_1, nicolae_vehumet_altar_sigil
D:15:     gammafunk_enter_depths_forms, layout_small_grid, enter_trove_1,
          portal_ice_cave_entry_frozen_things
Temple:   nicolae_temple_elliptical
Lair:1:   layout_long_grid, serial_bayou_pond_b, infiniplex_staircase_pool,
          grunt_megastairs_4
Lair:2:   layout_chaotic_city, swamp_mist_pool, minmay_snake_entry_spellcaster,
          beast_lair_carwin_11, grunt_megastairs_5, uniq_harold
Lair:3:   layout_roguey, nicolae_quartered_pool_medium, st_stairs_5
Lair:4:   layout_cave_pods
Lair:5:   layout_cave_pods, slime_altar_1, grunt_forest_small_clearings,
          st_stairs_5, worms_lemuel, grunt_megastairs_3,
          infiniplex_staircase_pool_2, lemuel_fruit_tree, uniq_kirke
Lair:6:   minmay_lair_end_enchanted_forest, layout_regular_city, minivault_26
IceCv:    ice_cave_tombish

Skill      XL: |  1  2  3  4  5  6  7  8  9 10 11 12 13 14 15 |
---------------+----------------------------------------------+-----
Stealth        | 8 9 10 11 12 15 16 17 18 19 21 | 21.5
Short Blades   | 3 4 5 8 9 10 11 | 11.8
Fighting       | 4 5 6 7 8 9 |  9.3
Armour         | 1 2 3 |  3.9
Dodging        | 3 4 6 7 8 10 | 10.0
Maces & Flails | 1 3 4 |  4.9
Shields        | 1 2 |  2.9
Invocations    | 2 4 5 6 7 8 |  8.8
Evocations     | 3 |  3.4
Hexes          | 2 4 5 6 7 |  7.6
Spellcasting   | 2 4 6 7 8 |  8.2
Long Blades    | 1 3 |  3.5

Action                   |  1- 3 |  4- 6 |  7- 9 | 10-12 | 13-15 | 16-18 || total
-------------------------+-------+-------+-------+-------+-------+-------++-------
Melee: Short sword       |     2 |   298 |   277 |   500 |   399 |     7 ||  1483
       Whip              |       |       |    46 |   267 |   990 |     9 ||  1312
       Dagger            |       |       |       |    41 |    97 |       ||   138
Invok: Shadow Step       |       |       |       |     2 |       |       ||     2
       Shadow Form       |       |       |       |       |     3 |       ||     3
Evoke: Wand              |       |     1 |     3 |     8 |    11 |     4 ||    27
  Use: Scroll            |     1 |    10 |     3 |    16 |    10 |     1 ||    41
       Potion            |       |     1 |     2 |     6 |     4 |     2 ||    15
 Stab: Sleeping          |     1 |    27 |    27 |    71 |    73 |     6 ||   205
       Distracted        |       |     2 |     3 |     2 |    10 |       ||    17
       Invisible         |       |       |       |       |    19 |       ||    19
       Paralysed         |       |       |       |       |     1 |     1 ||     2
Armor: Leather armour    |       |    43 |    44 |    20 |       |       ||   107
       Troll leather arm |       |       |       |    85 |   264 |       ||   349
       Ring mail         |       |       |       |       |    42 |     1 ||    43
Dodge: Dodged            |       |   115 |    87 |   377 |  1059 |    13 ||  1651
Block: Other             |       |    15 |    35 |   113 |   229 |     4 ||   396
       Reflection        |       |       |       |     1 |     1 |     1 ||     3

Table legend: (Time is in decaauts)
 A = Elapsed time spent in this place.
 B = Non-inter-level travel time spent in this place.
 C = Inter-level travel time spent in this place.
 D = Time resting spent in this place.
 E = Time spent auto-exploring this place.
 F = Levels seen in this place.
 G = Mean time per level.
                   A        B        C        D        E       F      G
               +--------+--------+--------+--------+--------+-----+--------+
         Total |  29832 |  29205 |    627 |   7338 |  13290 |  23 | 1297.0 |
       Dungeon |  17907 |  17557 |    350 |   3686 |   8826 |  15 | 1193.8 |
        Temple |    256 |    212 |     44 |      0 |    211 |   1 |  256.0 |
          Lair |   9786 |   9554 |    232 |   2230 |   4252 |   6 | 1631.0 |
      Ice Cave |   1881 |   1881 |      0 |   1421 |      0 |   1 | 1881.0 |
               +--------+--------+--------+--------+--------+-----+--------+

Top non-repeatable levels by time:
  Lair:5: 2347 daAuts
  Lair:3: 1942 daAuts
   IceCv: 1881 daAuts
     D:5: 1839 daAuts
    D:11: 1747 daAuts
     D:7: 1697 daAuts
  Lair:6: 1572 daAuts
    D:12: 1471 daAuts
     D:4: 1464 daAuts
     D:8: 1366 daAuts
     D:6: 1357 daAuts
  Lair:2: 1328 daAuts
  Lair:4: 1306 daAuts
  Lair:1: 1289 daAuts
     D:3: 1246 daAuts
